 Dungeon Crawl Stone Soup version 0.32-a0-928-g1cae6b7ea0 (webtiles) character file.

Game seed: 6486349804342740641

271 horus123 the Basher (level 6, -8/52 HPs)
             Began as a Mountain Dwarf Monk on Apr 12, 2024.
             Was a Believer of Qazlal.
             Mangled by an iguana (13 damage)
             ... on level 4 of the Dungeon.
             The game lasted 00:04:39 (2434 turns).

horus123 the Basher (Mountain Dwarf Monk)           Turns: 2434, Time: 00:04:40

Health: -8/52      AC:  2    Str: 13    XL:     6   Next: 2%
Magic:  6/6        EV: 11    Int: 13    God:    Qazlal [**....]
Gold:   175        SH:  2    Dex: 12    Spells: 5/5 levels left

rFire   . . .        q - +0 morningstar
rCold   . . .        d - orb {light}
rNeg    . . .        b - +0 robe
rPois   .            (no helmet)
rElec   .            (no cloak)
rCorr   .            (no gloves)
SInv    .            (no boots)
Will    .....        (no amulet)
Stlth   +            (no ring)
HPRegen 0.28/turn    (no ring)
MPRegen 0.10/turn

%: no passive effects
@: glowing
A: runic magic, artefact enchanting
a: Renounce Religion, Upheaval


You were on level 4 of the Dungeon.
You worshipped Qazlal.
Qazlal was pleased with you.
You visited 1 branch of the dungeon, and saw 4 of its levels.

You collected 175 gold pieces.

Inventory:

Hand Weapons
 a - a +0 mace
 q - a +0 morningstar (weapon)
Armour
 b - a +0 robe (worn)
 d - an orb of light (worn)
 j - a +0 leather armour
Scrolls
 e - a scroll of silence {unknown}
 f - 2 scrolls of teleportation
 g - 2 scrolls of enchant armour {unknown}
 i - 3 scrolls of identify {unknown}
 m - 2 scrolls of noise {unknown}
 p - a scroll of blinking {unknown}
Potions
 c - 2 potions of ambrosia
 h - a potion of enlightenment {unknown}
 k - 3 potions of heal wounds {unknown}
 l - 3 potions of curing {unknown}
 n - a potion of haste {unknown}
 o - a potion of lignification {unknown}


   Skills:
 + Level 3.7 Fighting
 - Level 8.0 Maces & Flails
 - Level 2.1 Dodging


You had 5 spell levels left.
You didn't know any spells.
Your spell library was empty.

Dungeon Overview and Level Annotations

Branches:
Dungeon (4/15)
 Temple: D:4-7

Altars:
Elyvilon
Okawaru
Qazlal


Innate Abilities, Weirdness & Mutations

Your spellcasting is much less encumbered by armour.
You can use scrolls of enchantment on lesser artefacts.


Message History

* * * LOW HITPOINT WARNING * * *
You hit the ogre.
The ogre is severely wounded.
The ogre misses you.
You hit the ogre.
The ogre is severely wounded.
The ogre barely misses you.
You sock the ogre!
The ogre is almost dead.
An iguana comes into view.
You hit the ogre.
You kill the ogre!
Qazlal accepts your kill.
Training target 8.0 for Maces & Flails reached!
Your Maces & Flails skill increases to level 8!
You need to enable at least one skill for training.
You have reached level 6!
You puncture the iguana!
The iguana is severely wounded.
The iguana misses you. The iguana closely misses you.
You barely miss the iguana.
The iguana is severely wounded.
The iguana closely misses you.
You hit the iguana but do no damage.
The iguana is severely wounded.
The iguana barely misses you.
You hit the iguana.
The iguana is almost dead.
The iguana misses you.
You barely miss the iguana.
The iguana is almost dead.
The iguana closely misses you.
You barely miss the iguana.
The iguana is almost dead.
The iguana bites you!
* * * LOW HITPOINT WARNING * * *
You hit the iguana but do no damage.
The iguana is almost dead.
The iguana bites you!
You die...

### .. .#
##########.####..
.......@lK.!.....
#########..!.....
#..#####. #..#
#..# #... ..###
###


You could see an iguana and a kobold.

Vanquished Creatures
  An ogre (D:4)
  A scorpion (D:3)
  An orc wizard (D:3)
  4 adders
  An ufetubus (D:3)
  2 dart slugs
  3 orcs (D:3)
  An endoplasm (D:3)
  5 giant cockroaches
  6 goblins
  2 hobgoblins
  4 jackals (D:2)
  3 kobolds
  A quokka (D:2)
  7 ball pythons
  9 bats
  6 frilled lizards (D:1)
  2 rats (D:1)
59 creatures vanquished.

Notes
Turn   | Place    | Note
-------+----------+-------------------------------------------
     0 | D:1      | horus123 the Mountain Dwarf Monk began the quest for the
                  | Orb.
     0 | D:1      | Reached XP level 1. HP: 19/19 MP: 1/1
    85 | D:1      | Reached skill level 4 in Maces & Flails
   167 | D:1      | Reached XP level 2. HP: 25/26 MP: 2/2
   582 | D:2      | Identified the +0 pair of boots of Distant Worlds {rN+
                  | Slay-2 Stlth+}
   700 | D:2      | Reached skill level 5 in Maces & Flails
   700 | D:2      | Reached XP level 3. HP: 30/31 MP: 3/3
   717 | D:2      | Found a white marble altar of Elyvilon.
  1558 | D:3      | Reached XP level 4. HP: 35/38 MP: 4/4
  1564 | D:3      | Reached skill level 6 in Maces & Flails
  1718 | D:3      | Found an iron altar of Okawaru.
  1743 | D:3      | Found a stormy altar of Qazlal.
  1751 | D:3      | Became a worshipper of Qazlal Stormbringer
  1751 | D:3      | Reached * piety under Qazlal
  1751 | D:3      | Reached ** piety under Qazlal
  2104 | D:3      | Noticed a scorpion
  2114 | D:3      | Killed a scorpion
  2115 | D:3      | Reached skill level 7 in Maces & Flails
  2115 | D:3      | Reached XP level 5. HP: 26/45 MP: 5/5
  2419 | D:4      | Noticed an ogre
  2427 | D:4      | Killed an ogre
  2428 | D:4      | Reached skill level 8 in Maces & Flails
  2428 | D:4      | Reached XP level 6. HP: 13/52 MP: 6/6
  2434 | D:4      | Mangled by an iguana

Illustrated notes

Levels and vault maps discovered:
D:1:      dpeg_arrival_tiny_e, layout_rooms, minmay_lizard_king
D:2:      layout_basic, basic_altar
D:3:      wad_crossroads, layout_basic,
          chequers_temple_overflow_statue_of_worship, dk_noncrumbling_3
D:4:      layout_loops_ring, lemuel_coloured_pillars_altar, lemuel_doored_altar,
          serial_shops, nicolae_shop_stone, minmay_misc_feat_tower

Skill      XL: |  1  2  3  4  5 |
---------------+----------------+-----
Maces & Flails | 4 5 7 8 |  8.0
Fighting       | |  3.7
Dodging        | |  2.1

Action                     |  1- 3 |  4- 6 || total
---------------------------+-------+-------++-------
  Melee: Mace              |   105 |    20 ||   125
         Morningstar       |       |    44 ||    44
    Use: Scroll            |     1 |       ||     1
 Armour: Robe              |    81 |    36 ||   117
  Dodge: Dodged            |    93 |    51 ||   144

Table legend: (Time is in decaauts)
 A = Elapsed time spent in this place.
 B = Non-inter-level travel time spent in this place.
 C = Inter-level travel time spent in this place.
 D = Time resting spent in this place.
 E = Time spent auto-exploring this place.
 F = Levels seen in this place.
 G = Mean time per level.
                   A        B        C        D        E       F      G
               +--------+--------+--------+--------+--------+-----+--------+
         Total |   2458 |   2382 |     76 |     45 |   1906 |   4 |  614.5 |
       Dungeon |   2458 |   2382 |     76 |     45 |   1906 |   4 |  614.5 |
               +--------+--------+--------+--------+--------+-----+--------+

Top non-repeatable levels by time:
     D:3: 979 daAuts
     D:2: 930 daAuts
     D:1: 531 daAuts
     D:4: 16 daAuts
